 Dungeon Crawl Stone Soup version 0.30-a0-297-g0ec75d9ef4 (webtiles) character file.

Game seed: 15769221973993517115

1527 plokij the Slasher (level 8, -1/109 HPs)
             Began as a Minotaur Fighter on Oct 19, 2022.
             Was a Priest of Okawaru.
             Succumbed to a gnoll sergeant's poison
             ... on level 6 of the Dungeon.
             The game lasted 00:14:00 (4734 turns).

plokij the Slasher (Minotaur Fighter)               Turns: 4734, Time: 00:14:01

Health: -1/109     AC:  9    Str: 21    XL:     8   Next: 55%
Magic:  7/7        EV: 10    Int:  5    God:    Okawaru [***...]
Gold:   342        SH:  6    Dex: 14    Spells: 7/7 levels left

rFire   . . .      SeeInvis +    a - +0 long sword
rCold   . . .      Faith    .    c - +0 buckler
rNeg    . . .      Spirit   .    F - +3 leather armour of Stoicism {Dex+2}
rPois   .          Reflect  .    (helmet restricted)
rElec   .          Harm     .    (no cloak)
rCorr   .          Rampage  .    z - +0 pair of gloves
Will    .....                    g - +0 pair of boots
Stlth   ..........               (no amulet)
HPRegen 0.38/turn                j - ring of see invisible
MPRegen 0.10/turn                (no ring)

@: brilliant, berserking, lethally poisoned (-1 -> -15), very quick
A: horns 2, retaliatory headbutt
a: Renounce Religion, Heroism


You were on level 6 of the Dungeon.
You worshipped Okawaru.
Okawaru was most pleased with you.
You visited 2 branches of the dungeon, and saw 7 of its levels.

You collected 342 gold pieces.

Inventory:

Hand Weapons
 a - a +0 long sword (weapon)
 b - the +9 whip "Plog" {venom, *Rage rElec Int+3 Dex+3}
   (You found it on level 5 of the Dungeon)

   It poisons the flesh of those it strikes.
   Int:       It affects your intelligence (+3).
   Dex:       It affects your dexterity (+3).
   rElec:     It insulates you from electricity.
   *Rage:     It berserks you when you make melee attacks (+20% chance).
Armour
 c - a +0 buckler (worn)
 g - a +0 pair of boots (worn)
 z - a +0 pair of gloves (worn)
 F - the +3 leather armour of Stoicism (worn) {Dex+2}
   (You found it on level 5 of the Dungeon)

   Dex:       It affects your dexterity (+2).
Magical Staves
 m - a staff of fire
Jewellery
 j - a ring of see invisible (left hand)
 u - a ring of fire
 y - a +6 ring of intelligence
 D - a +4 ring of protection
Wands
 n - a wand of flame (16)
 w - a wand of polymorph (3)
Scrolls
 e - a scroll of torment {unknown}
 f - 7 scrolls of identify {unknown}
 l - a scroll of magic mapping {unknown}
 o - 2 scrolls of butterflies {unknown}
 r - 2 scrolls of noise {unknown}
 t - a scroll of summoning {unknown}
 C - a scroll of vulnerability {unknown}
 E - a scroll of teleportation {unknown}
Potions
 d - a potion of might
 h - 2 potions of brilliance
 i - 2 potions of berserk rage
 k - 2 potions of ambrosia {unknown}
 p - 2 potions of degeneration {unknown}
 q - a potion of cancellation {unknown}
 s - 2 potions of curing {unknown}
 v - a potion of heal wounds {unknown}
 x - a potion of magic {unknown}
 A - 2 potions of flight {unknown}
 B - a potion of attraction {unknown}
 G - a potion of mutation {unknown}


   Skills:
 + Level 7.2 Fighting
 + Level 7.4 Long Blades
 + Level 7.1 Armour
 + Level 7.2 Shields


You had 7 spell levels left.
You didn't know any spells.
Your spell library contained the following spells:

 Spells                   Type           Power      Damage    Failure   Level
 Shock                    Conj/Air       0%         1d3       61%         1
 Gell's Gravitas          Tloc           0%         N/A       93%         3
 Lesser Beckoning         Tloc           0%         N/A       93%         3
 Swiftness                Air            0%         N/A       93%         3
 Teleport Other           Tloc           0%         N/A       93%         3
 Airstrike                Air            0%         2d(0-16)  100%        4
 Borgnjor's Vile Clutch   Necr/Erth      0%         N/A       100%        5
 Chain Lightning          Conj/Air       0%         N/A       100%        9
 Fire Storm               Conj/Fire      0%         5d1       100%        9
 Shatter                  Erth           0%         3d5*      100%        9
 Animate Dead             Necr           Unusable   N/A       N/A         4
 Death Channel            Necr           Unusable   N/A       N/A         6

Dungeon Overview and Level Annotations

Branches:
Dungeon (6/15)             Temple (1/1) D:5

Altars:
Ashenzari
Cheibriados
Dithmenos
Elyvilon
Fedhas
Gozag
Hepliaklqana
Kikubaaqudgha
Makhleb
Nemelex Xobeh
Okawaru
Qazlal
Ru
Sif Muna
Trog
Uskayaw
Vehumet
Wu Jian
Xom
Yredelemnul
Zin
The Shining One


Innate Abilities, Weirdness & Mutations

You have a pair of horns on your head.
You reflexively headbutt those who attack you in melee.


Message History

Okawaru accepts your kill.
You feel extremely sick. You block the gnoll sergeant's attack.
You feel very sick. You block the gnoll sergeant's attack.
Things that are here:
a +0 flail; a gnoll corpse You slash the gnoll sergeant!
Your headbutt misses the gnoll sergeant.
The gnoll sergeant is heavily wounded.
You feel very sick. The gnoll sergeant misses you.
You barely miss the gnoll sergeant.
The gnoll sergeant is heavily wounded.
You feel very sick.
The gnoll sergeant hits you with a +0 trident of venom!
* * * LOW HITPOINT WARNING * * *
You are lethally poisoned!
You hit the gnoll sergeant.
You headbutt the gnoll sergeant, but do no damage.
The gnoll sergeant is severely wounded.
* * * LOW HITPOINT WARNING * * *
You feel very sick. The gnoll sergeant barely misses you.
You furiously retaliate!
You headbutt the gnoll sergeant!
You kill the gnoll sergeant!
Okawaru accepts your kill.
Okawaru will now gift you throwing weapons as you gain piety.
There is a lethal amount of poison in your body!
There is a lethal amount of poison in your body!
There is a lethal amount of poison in your body!
There is a lethal amount of poison in your body!
It was a potion of brilliance.
You feel clever all of a sudden.
* * * LOW HITPOINT WARNING * * *
You feel very sick.
It was a potion of berserk rage.
A red film seems to cover your vision as you go berserk!
You feel yourself moving faster!
You feel mighty!
You die...

#gg)..##.#
..######g#
### #.# #
#g#
#.########
#.##.....##
#.#....).)##
#......)).<#
#........@.#
.
##.........#
.
#.........#
..
#.........#
#........##
#.........#
...........#
##.........#
#.........#


There were no monsters in sight!

Vanquished Creatures
  Grinder (D:3)
  Menkaure (D:4)
  A water moccasin (D:5)
  A phantom (D:5)
  Blork the orc (D:4)
  3 necrophages
  A gnoll sergeant (D:6)
  A scorpion (D:4)
  3 orc priests
  2 hounds
  Jessica (D:2)
  An iguana (D:5)
  Natasha (thrice) (D:3)
  5 orc wizards
  4 gnolls
  10 adders
  A shadow imp (D:5)
  An ufetubus (D:5)
  2 worms
  3 dart slugs
  23 orcs
  6 ball pythons
  6 endoplasms
  2 giant cockroaches
  9 goblins
  7 hobgoblins
  3 jackals (D:1)
  5 quokkas
  11 bats
  3 frilled lizards
  6 kobolds
  2 rats
129 creatures vanquished.

Notes
Turn   | Place    | Note
-------+----------+-------------------------------------------
     0 | D:1      | plokij the Minotaur Fighter began the quest for the Orb.
     0 | D:1      | Reached XP level 1. HP: 19/19 MP: 0/0
   100 | D:1      | Reached XP level 2. HP: 27/27 MP: 1/1
   637 | D:2      | Reached XP level 3. HP: 29/33 MP: 2/2
   745 | D:2      | Noticed Jessica
   754 | D:2      | Killed Jessica
   872 | D:2      | Reached XP level 4. HP: 39/40 MP: 3/3
  1000 | D:3      | Reached XP level 5. HP: 36/47 MP: 4/4
  1214 | D:3      | Noticed Natasha
  1216 | D:3      | Killed Natasha
  1441 | D:3      | Noticed Natasha
  1467 | D:3      | Killed Natasha
  1468 | D:3      | Reached skill level 5 in Long Blades
  1531 | D:3      | Found a glowing golden altar of the Shining One.
  1532 | D:3      | Found a bloodstained altar of Trog.
  1532 | D:3      | Found an iron altar of Okawaru.
  1532 | D:3      | Found an opulent altar of Gozag.
  1533 | D:3      | Found a hazy altar of Hepliaklqana.
  1533 | D:3      | Found an ornate altar of the Wu Jian Council.
  1534 | D:3      | Found a stormy altar of Qazlal.
  1534 | D:3      | Found a glowing silver altar of Zin.
  1534 | D:3      | Found a shadowy altar of Dithmenos.
  1535 | D:3      | Noticed Natasha
  1536 | D:3      | Found a radiant altar of Vehumet.
  1536 | D:3      | Found a shimmering blue altar of Sif Muna.
  1536 | D:3      | Found a sparkling altar of Nemelex Xobeh.
  1547 | D:3      | Killed Natasha
  1553 | D:3      | Became a worshipper of Warmaster Okawaru
  1773 | D:3      | Noticed Grinder
  1775 | D:3      | Paralysed by Grinder for 5 turns
  1791 | D:3      | Killed Grinder
  1791 | D:3      | Reached * piety under Okawaru
  1792 | D:3      | Reached skill level 5 in Fighting
  1792 | D:3      | Reached skill level 5 in Armour
  1792 | D:3      | Reached skill level 5 in Shields
  1792 | D:3      | Reached XP level 6. HP: 39/56 MP: 5/5
  1942 | D:4      | Noticed Blork the orc
  2148 | D:4      | Reached XP level 7. HP: 48/61 MP: 6/6
  2540 | D:4      | Killed Blork the orc
  2978 | D:4      | Noticed Menkaure
  2985 | D:4      | Killed Menkaure
  2985 | D:4      | Reached ** piety under Okawaru
  3108 | D:5      | Entered Level 5 of the Dungeon
  3394 | D:5      | Reached XP level 8. HP: 71/71 MP: 7/7
  3510 | D:5      | Found a staircase to the Ecumenical Temple.
  3516 | D:5      | Identified the +3 leather armour of Stoicism {Dex+2}
  3551 | Temple   | Entered the Ecumenical Temple
  3807 | D:5      | Identified the +9 whip "Plog" {venom, *Rage rElec Int+3
                  | Dex+3}
  4732 | D:6      | Reached *** piety under Okawaru
  4733 | D:6      | HP: 1/73 [poisoned by a gnoll sergeant]
  4734 | D:6      | Succumbed to a gnoll sergeant's poison

Illustrated notes

Levels and vault maps discovered:
D:1:      doesnt_arrival_eight_statues, layout_rooms
D:2:      layout_rooms, kennysheep_generic_room_10, uniq_jessica
D:3:      layout_loops_ring, nicolae_overflows_in_rows, amethyst_killhole,
          minmay_quantized, uniq_natasha, uniq_grinder
D:4:      layout_gridville, minmay_three_crescents, uniq_blork_the_orc,
          uniq_menkaure
D:5:      layout_gridville, minmay_temple_entry_slanted
D:6:      layout_rooms, minivault_11, grunt_decor_resistance
Temple:   hellmonk_temple_beads

Skill      XL: |  1  2  3  4  5  6  7  8 |
---------------+-------------------------+-----
Long Blades    | 3 4 5 6 7 |  7.4
Fighting       | 4 5 6 7 |  7.2
Armour         | 4 5 6 7 |  7.1
Shields        | 4 5 6 7 |  7.2

Action                   |  1- 3 |  4- 6 |  7- 9 || total
-------------------------+-------+-------+-------++-------
Melee: Long sword        |    85 |   109 |   185 ||   379
       Headbutt          |     7 |    19 |    39 ||    65
  Use: Potion            |       |       |     2 ||     2
 Stab: Sleeping          |       |       |     1 ||     1
Armor: Scale mail        |    45 |    48 |    47 ||   140
       Leather armour    |       |       |    22 ||    22
Dodge: Dodged            |    45 |    38 |    71 ||   154
Block: Buckler           |    32 |    39 |    38 ||   109

Table legend: (Time is in decaauts)
 A = Elapsed time spent in this place.
 B = Non-inter-level travel time spent in this place.
 C = Inter-level travel time spent in this place.
 D = Time resting spent in this place.
 E = Time spent auto-exploring this place.
 F = Levels seen in this place.
 G = Mean time per level.
                   A        B        C        D        E       F      G
               +--------+--------+--------+--------+--------+-----+--------+
         Total |   4799 |   4143 |    656 |    424 |   2587 |   7 |  685.6 |
       Dungeon |   4632 |   3986 |    646 |    424 |   2441 |   6 |  772.0 |
        Temple |    167 |    157 |     10 |      0 |    146 |   1 |  167.0 |
               +--------+--------+--------+--------+--------+-----+--------+

Top non-repeatable levels by time:
     D:5: 1313 daAuts
     D:4: 1125 daAuts
     D:3: 1038 daAuts
     D:1: 542 daAuts
     D:2: 454 daAuts
  Temple: 167 daAuts
     D:6: 158 daAuts
